 Dungeon Crawl Stone Soup version 0.30-a0-643-g638baaf3f0 (webtiles) character file.

Game seed: 17561905413366311715

4690 mao the Blocker (level 10, -5/86 HPs)
             Began as a Minotaur Fighter on Jan 16, 2023.
             Was a Priest of Okawaru.
             Slain by a boulder beetle (18 damage)
             ... on level 7 of the Dungeon.
             The game lasted 00:59:59 (6770 turns).

mao the Blocker (Minotaur Fighter)                  Turns: 6770, Time: 01:00:00

Health: -5/86      AC: 17    Str: 37    XL:     10   Next: 21%
Magic:  12/12      EV: 11    Int:  5    God:    Okawaru [***...]
Gold:   469        SH:  7    Dex: 10    Spells: 9/9 levels left

rFire   . . .      SeeInvis .    u - +0 war axe
rCold   . . .      Faith    .    c - +0 buckler
rNeg    . . .      Spirit   .    i - +1 chain mail
rPois   .          Reflect  .    (helmet restricted)
rElec   .          Harm     .    C - +0 cloak
rCorr   .          Rampage  .    (no gloves)
Will    .....                    L - +0 pair of boots Stlth
                                 (no amulet)
HPRegen 0.34/turn                p - +6 ring of strength
MPRegen 0.13/turn                I - +6 ring of strength

@: about to teleport, heroic
A: horns 2, retaliatory headbutt
a: Renounce Religion, Heroism


You were on level 7 of the Dungeon.
You worshipped Okawaru.
Okawaru was most pleased with you.
You visited 1 branch of the dungeon, and saw 7 of its levels.

You collected 469 gold pieces.

Inventory:

Hand Weapons
 e - a +0 hand axe
 u - a +0 war axe (weapon)
 K - a +4 quarterstaff
Missiles
 f - 90 stones
 H - a curare-tipped dart (quivered)
Armour
 c - a +0 buckler (worn)
 i - a +1 chain mail (worn)
 C - a +0 cloak (worn)
 L - a +0 pair of boots (worn)
Jewellery
 p - a +6 ring of strength (left hand)
 q - a +6 ring of dexterity
 y - a +4 ring of protection
 I - a +6 ring of strength (right hand)
 J - a ring of protection from cold
Wands
 B - a wand of iceblast (23)
 F - a wand of polymorph (10)
 M - a wand of flame (7)
Scrolls
 g - a scroll of enchant weapon
 j - a scroll of magic mapping
 k - 4 scrolls of vulnerability
 n - a scroll of immolation
 r - 2 scrolls of noise
 s - a scroll of torment {unknown}
 v - a scroll of fear {unknown}
 w - a scroll of amnesia {unknown}
 x - a scroll of poison {unknown}
 z - a scroll of fog {unknown}
 A - a scroll of enchant armour
 G - a scroll of acquirement {unknown}
Potions
 b - a potion of might
 d - 3 potions of ambrosia {unknown}
 h - 2 potions of invisibility {unknown}
 l - 3 potions of attraction {unknown}
 m - 3 potions of flight {unknown}
 o - 4 potions of curing
 t - 3 potions of heal wounds
 D - a potion of mutation {unknown}
 E - a potion of magic {unknown}


   Skills:
 - Level 7.0(12.0) Fighting
 + Level 9.4(14.4) Axes
 + Level 9.8(14.8) Armour
 + Level 9.9(14.9) Shields
 - Level 5.0 Invocations


You had 9 spell levels left.
You didn't know any spells.
Your spell library contained the following spells:

 Spells                   Type           Power      Damage    Failure   Level
 Foxfire                  Conj/Fire      0%         2x1d4     85%         1
 Blade Hands              Tmut           0%         N/A       100%        5
 Fireball                 Conj/Fire      0%         3d3       100%        5
 Irradiate                Conj/Tmut      0%         3d11      100%        5
 Starburst                Conj/Fire      0%         6d3       100%        6
 Dragon Form              Tmut           0%         N/A       100%        7


Dungeon Overview and Level Annotations

Branches:
Dungeon (7/15)             Temple (0/1) D:5

Altars:
Elyvilon
Hepliaklqana
Okawaru

Annotations:
D:7 3 runed translucent doors, njkz123's ghost, novice OgFi


Innate Abilities, Weirdness & Mutations

You have a pair of horns on your head.
You reflexively headbutt those who attack you in melee.


Message History

The skeletal warrior is moderately damaged.
You block the skeletal warrior's attack.
You barely miss the skeletal warrior.
The skeletal warrior is moderately damaged.
The skeletal warrior hits you but does no damage.
You hit the skeletal warrior.
The skeletal warrior is moderately damaged.
Unknown command.
Unknown command.
Unknown command.
You slash the skeletal warrior! You headbutt the skeletal warrior!!
The skeletal warrior is almost destroyed.
The skeletal warrior hits you with a +0 trident!
The skeletal warrior hits you but does no damage.
You closely miss the skeletal warrior.
The skeletal warrior is almost destroyed.
The skeletal warrior hits you but does no damage.
You slash the skeletal warrior!
You destroy the skeletal warrior!
Okawaru is honoured by your kill.
You barely miss the manticore. The manticore closely misses you.
You block the manticore's attack. The manticore claws you.
The manticore barely misses you. The manticore claws you.
You block the manticore's attack.
You see here a +0 trident.
You feel much better. The boulder beetle closely misses you.
You furiously retaliate!
You headbutt the boulder beetle!! The manticore bites you!
The manticore claws you but does no damage. x2
You hit the boulder beetle.
The boulder beetle is moderately wounded.
You slash the manticore! The boulder beetle bites you!
* * * LOW HITPOINT WARNING * * *
You block the manticore's attack.
The manticore claws you but does no damage.
The manticore claws you!
* * * LOW HITPOINT WARNING * * *
As you read the scroll of teleportation, it crumbles to dust.
You feel strangely unstable. The boulder beetle bites you!!
You die...

#.#.##....#####......
.........................
#######.##.##............. #P.
.P#.#....###..#.#......
#..#.#+#.#..##.#.......#^.. ..
#..#.#$#9#.####...#.####..# #
#..#°###.#..###.##.#.#.#.. #
#..#P°.. #...####.##..##.# #
#..###°###.###@.......#..#
#.....BH...#.B#H...####..# #
#..#.###.##.##.#..####.#.# ###
#...#.##...#..#.#........# #..
#..####..#####.#.##.###..# #.#
#..#..#.#....#..#........# #.#
#..##.#..##.##...###.##..####.#
#..........#####..............#
#..#######.#.#.#.###'###.#.####


You could see a boulder beetle and a manticore.

Vanquished Creatures
  A skeletal warrior (D:7)
  The ghost of njkz123 the Frost Mage, a novice HuIE of Sif Muna (D:5)
  A manticore (D:7)
  An ugly thing (D:7)
  A gargoyle (D:7)
  Maggie (D:7)
  A troll (D:7)
  A yak (D:7)
  An acid dragon (D:7)
  3 sky beasts
  4 black bears
  A centaur (D:7)
  A kobold brigand (D:6)
  A phantom (D:6)
  A bullfrog (D:7)
  2 necrophages
  4 scorpions
  2 hounds
  A gnoll bouda (D:6)
  4 orc priests
  4 iguanas
  3 orc wizards
  5 gnolls (D:6)
  8 adders
  A white imp (D:7)
  An ufetubus (D:4)
  3 worms
  A dart slug (D:4)
  9 orcs
  6 bats
  6 endoplasms
  A giant cockroach (D:1)
  A goblin (D:4)
  11 hobgoblins
  4 jackals (D:1)
  15 kobolds
  4 ball pythons
  3 frilled lizards
  5 rats
124 creatures vanquished.

Vanquished Creatures (others)
  8 plants (D:7)
8 creatures vanquished.

Grand Total: 132 creatures vanquished

Notes
Turn   | Place    | Note
-------+----------+-------------------------------------------
     0 | D:1      | mao the Minotaur Fighter began the quest for the Orb.
     0 | D:1      | Reached XP level 1. HP: 19/19 MP: 0/0
   171 | D:1      | Reached XP level 2. HP: 27/27 MP: 1/1
   510 | D:1      | Reached XP level 3. HP: 33/33 MP: 2/2
  1246 | D:2      | Reached XP level 4. HP: 30/41 MP: 3/3
  1953 | D:3      | Reached XP level 5. HP: 47/47 MP: 4/4
  2018 | D:3      | Found an iron altar of Okawaru.
  2049 | D:3      | Became a worshipper of Warmaster Okawaru
  2502 | D:4      | Reached skill level 5 in Shields
  2608 | D:4      | Reached skill level 5 in Fighting
  2608 | D:4      | Reached skill level 5 in Armour
  2608 | D:4      | Reached XP level 6. HP: 56/56 MP: 5/5
  3268 | D:4      | Reached * piety under Okawaru
  3367 | D:5      | Entered Level 5 of the Dungeon
  3367 | D:5      | Found a staircase to the Ecumenical Temple.
  3367 | D:5      | Found a runed translucent door.
  3388 | D:5      | Noticed njkz123's ghost (novice HuIE)
  3408 | D:5      | Reached skill level 5 in Axes
  3408 | D:5      | Reached XP level 7. HP: 61/62 MP: 6/6
  4220 | D:5      | Killed njkz123's ghost
  4220 | D:5      | Reached ** piety under Okawaru
  4221 | D:5      | Reached XP level 8. HP: 50/73 MP: 7/7
  4510 | D:6      | Reached skill level 1 in Invocations
  5445 | D:7      | Reached XP level 9. HP: 79/79 MP: 8/10
  5574 | D:7      | Noticed Maggie
  5586 | D:7      | Killed Maggie
  5697 | D:7      | Found a hazy altar of Hepliaklqana.
  5794 | D:7      | Found a runed translucent gate.
  5794 | D:7      | Noticed njkz123's ghost (novice OgFi)
  5796 | D:7      | Found a runed translucent gate.
  5797 | D:7      | Found a runed translucent gate.
  5909 | D:7      | Noticed a white ugly thing
  5909 | D:7      | Noticed a manticore
  6136 | D:7      | Killed a manticore
  6284 | D:7      | Killed a white ugly thing
  6284 | D:7      | Reached *** piety under Okawaru
  6487 | D:7      | Found a white marble altar of Elyvilon.
  6594 | D:7      | Noticed a troll
  6612 | D:7      | Killed a troll
  6738 | D:7      | Noticed a skeletal warrior
  6738 | D:7      | Noticed a boulder beetle
  6738 | D:7      | Noticed a manticore
  6738 | D:7      | Noticed a gargoyle
  6747 | D:7      | Killed a gargoyle
  6748 | D:7      | Reached skill level 5 in Invocations
  6748 | D:7      | Reached XP level 10. HP: 56/86 MP: 9/12
  6766 | D:7      | Killed a skeletal warrior
  6770 | D:7      | Slain by a boulder beetle

Illustrated notes

Levels and vault maps discovered:
D:1:      dpeg_arrival_round_c, layout_loops_ring, st_stairs_7,
          minmay_tromino_v4_c
D:2:      layout_basic, st_stairs_13
D:3:      layout_loops_ring, okawaru_trees_1
D:4:      layout_basic
D:5:      layout_cave_pools, minmay_temple_entry_offerings,
          ebering_ghost_reflecting_pool, nicolae_hexahallways
D:6:      layout_basic, minivault_23
D:7:      layout_basic, lemuel_doored_altar, mainiacjoe_overflow_cross_hatched,
          biasface_ghost_orc_armoury, minmay_shattered_shrine, uniq_maggie

Skill      XL: |  1  2  3  4  5  6  7  8  9 |
---------------+----------------------------+-----
Shields        | 4 5 7 8 9 |  9.9
Fighting       | 4 5 7 |  7.0
Armour         | 4 5 7 9 |  9.8
Axes           | 3 4 5 6 7 9 |  9.4
Invocations    | 2 5 |  5.0

Action                   |  1- 3 |  4- 6 |  7- 9 | 10-12 || total
-------------------------+-------+-------+-------+-------++-------
Melee: War axe           |    89 |    76 |   160 |     9 ||   334
       Headbutt          |     6 |     8 |    35 |     1 ||    50
Throw: Stone             |     5 |     2 |     6 |       ||    13
       Dart              |       |       |     2 |       ||     2
Invok: Heroism           |       |       |     8 |       ||     8
Evoke: Wand              |       |       |     2 |       ||     2
  Use: Scroll            |     3 |     2 |     6 |     1 ||    12
       Potion            |     1 |       |     5 |     2 ||     8
Armor: Scale mail        |    42 |       |       |       ||    42
       Chain mail        |    21 |    34 |    90 |     6 ||   151
Dodge: Dodged            |    35 |    30 |    54 |     5 ||   124
Block: Buckler           |    25 |    19 |    37 |     5 ||    86

Table legend: (Time is in decaauts)
 A = Elapsed time spent in this place.
 B = Non-inter-level travel time spent in this place.
 C = Inter-level travel time spent in this place.
 D = Time resting spent in this place.
 E = Time spent auto-exploring this place.
 F = Levels seen in this place.
 G = Mean time per level.
                   A        B        C        D        E       F      G
               +--------+--------+--------+--------+--------+-----+--------+
         Total |   6856 |   6490 |    366 |   1230 |   3089 |   7 |  979.4 |
       Dungeon |   6856 |   6490 |    366 |   1230 |   3089 |   7 |  979.4 |
               +--------+--------+--------+--------+--------+-----+--------+

Top non-repeatable levels by time:
     D:7: 1439 daAuts
     D:6: 1023 daAuts
     D:5: 963 daAuts
     D:2: 889 daAuts
     D:4: 889 daAuts
     D:1: 863 daAuts
     D:3: 787 daAuts
